 Dungeon Crawl Stone Soup version 0.28.0-53-g5a82cb258f (webtiles) character file.

Game seed: 2730649575110590425

13643 Peloso the Carver (level 11, -6/100 HPs)
             Began as a Minotaur Fighter on May 27, 2022.
             Was a High Priest of Okawaru.
             Mangled by a two-headed ogre
             ... wielding a +0 giant club
              (29 damage)
             ... on level 11 of the Dungeon.
             The game lasted 00:24:46 (10144 turns).

Peloso the Carver (Minotaur Fighter)               Turns: 10144, Time: 00:24:46

Health: -6/100     AC: 16    Str: 22    XL:     11   Next: 78%
Magic:  8/10       EV: 11    Int: 11    God:    Okawaru [*****.]
Gold:   686        SH: 16    Dex: 13    Spells: 10/10 levels left

rFire   . . .      SeeInvis .   a - +2 falchion
rCold   . . .      Faith    .   c - +3 kite shield
rNeg    . . .      Spirit   .   i - +1 chain mail "Momer" {Regen+ Int+6}
rPois   .          Reflect  .   (helmet restricted)
rElec   .          Harm     .   (no cloak)
rCorr   .          Rampage  .   p - +0 pair of gloves
Will    .....                   (no boots)
Stlth   ..........              x - amulet of regeneration
HPRegen 1.86/turn               (no ring)
MPRegen 0.12/turn               (no ring)

@: heroic
A: horns 2, retaliatory headbutt
a: Renounce Religion, Heroism, Finesse, Duel


You were on level 11 of the Dungeon.
You worshipped Okawaru.
Okawaru was extremely pleased with you.
You visited 2 branches of the dungeon, and saw 12 of its levels.
You also visited: Bailey.

You collected 686 gold pieces.

Inventory:

Hand Weapons
 a - a +2 falchion (weapon)
 b - the +10 hand axe "Fealidif" {flame, rElec rPois rF+ rC-}
   (You found it on level 8 of the Dungeon)

   It burns those it strikes, dealing additional fire damage.
   Big, fiery blades are also staple armaments of hydra-hunters.
   rF:        It protects you from fire.
   rC:        It makes you vulnerable to cold.
   rElec:     It insulates you from electricity.
   rPois:     It protects you from poison.
Missiles
 A - 2 throwing nets (quivered)
Armour
 c - a +3 kite shield (worn)
 i - the +1 chain mail "Momer" (worn) {Regen+ Int+6}
   (You found it on level 7 of the Dungeon)

   Int:       It affects your intelligence (+6).
   Regen:     It increases your rate of health regeneration.
 p - a +0 pair of gloves (worn)
Jewellery
 k - a ring of ice
 m - a +6 ring of strength
 x - an amulet of regeneration (around neck)
 G - a ring of protection from fire
Wands
 q - a wand of flame (17)
 v - a wand of mindburst (12)
 z - a wand of paralysis (15)
 C - a wand of polymorph (9)
Scrolls
 e - a scroll of noise
 f - 2 scrolls of summoning
 j - 2 scrolls of immolation
 l - 5 scrolls of enchant weapon
 n - a scroll of amnesia
 o - a scroll of fog {unknown}
 r - 3 scrolls of teleportation
 w - 2 scrolls of torment {unknown}
 y - a scroll of fear {unknown}
 D - 2 scrolls of enchant armour
 F - a scroll of magic mapping {unknown}
 H - a scroll of acquirement
Potions
 d - a potion of might
 g - 7 potions of curing
 h - a potion of haste
 s - 2 potions of invisibility
 t - 2 potions of magic
 u - a potion of mutation {unknown}
 B - 4 potions of flight {unknown}
 E - 3 potions of brilliance {unknown}


   Skills:
 + Level 10.3(15.3) Fighting
 + Level 14.1(19.1) Long Blades
 + Level 11.5(16.5) Armour
 + Level 4.1(9.1) Dodging
 + Level 1.4(6.4) Stealth
 + Level 9.9(14.9) Shields
 + Level 1.0 Invocations
 + Level 1.0 Evocations


You had 10 spell levels left.
You didn't know any spells.
Your spell library contained the following spells:

 Spells                   Type           Power      Damage    Failure   Level
 Sandblast                Erth           0%         2d4       95%         1
 Passwall                 Tmut/Erth      0%         N/A       99%         2
 Conjure Flame            Conj/Fire      0%         6-21      100%        3
 Gell's Gravitas          Tloc           0%         N/A       100%        3
 Ignite Poison            Fire/Tmut/Pois 0%         N/A       100%        3
 Lesser Beckoning         Tloc           0%         N/A       100%        3
 Ozocubu's Armour         Ice            0%         N/A       100%        3
 Portal Projectile        Hex/Tloc       0%         N/A       100%        3
 Stone Arrow              Conj/Erth      0%         3d7       100%        3
 Teleport Other           Tloc           0%         N/A       100%        3
 Sticky Flame             Conj/Fire      0%         2d3       100%        4
 Blade Hands              Tmut           0%         N/A       100%        5
 Excruciating Wounds      Necr           0%         N/A       100%        5
 Ozocubu's Refrigeration  Ice            0%         4d5       100%        7


Dungeon Overview and Level Annotations

Branches:
Dungeon (10/15)            Temple (1/1) D:5            Lair (0/6) D:11
    Orc (0/2) D:9          Bailey (visited)

Altars:
Cheibriados
Elyvilon
Hepliaklqana
Kikubaaqudgha
Makhleb
Okawaru
Ru
Trog
Wu Jian
Xom
Yredelemnul

Annotations:
D:8 Flight
D:10 2 runed translucent doors, crawlogic's ghost, journeyman HOBe


Innate Abilities, Weirdness & Mutations

You have a pair of horns on your head.
You reflexively headbutt those who attack you in melee.


Message History

The wraith is moderately damaged.
The wraith hits you but does no damage.
You slash the wraith! You headbutt the wraith.
You destroy the wraith!
Okawaru accepts your kill.
You feel yourself speed up.
You open the door.
There is an open door here.
m - a +6 ring of strength A two-headed ogre comes into view.
It is wielding two +0 giant clubs.
The two-headed ogre shouts in stereo!
You gain the combat prowess of a mighty hero.
You completely miss the two-headed ogre.
Your headbutt misses the two-headed ogre.
The two-headed ogre hits you with a +0 giant club! x2
You hit the two-headed ogre.
Your headbutt misses the two-headed ogre.
The two-headed ogre is lightly wounded.
You hit the two-headed ogre but do no damage.
The two-headed ogre is lightly wounded.
You block the two-headed ogre's attack.
The two-headed ogre hits you with a +0 giant club!
You slash the two-headed ogre! You headbutt the two-headed ogre!
The two-headed ogre is moderately wounded.
You barely miss the two-headed ogre.
The two-headed ogre is moderately wounded.
The two-headed ogre hits you with a +0 giant club!
The two-headed ogre hits you but does no damage.
You slash the two-headed ogre!
The two-headed ogre is heavily wounded.
You hit the two-headed ogre.
The two-headed ogre is severely wounded.
The two-headed ogre hits you with a +0 giant club!! x2
* * * LOW HITPOINT WARNING * * *
You closely miss the two-headed ogre. You headbutt the two-headed ogre!
The two-headed ogre is severely wounded.
You slash the two-headed ogre!
The two-headed ogre is almost dead.
The two-headed ogre hits you with a +0 giant club!!
You die...

##.##.##.#######.#...........
#...#.##.# #...#.#[..#..#####
#...'.##.# #...#.#....(.#
#####...########...#+#..#....#
...............#.......##....#
..............(###.....##.....(
...............#.'.....##....#.#
....##.........#.#.....###>..#.#
>..............#@#.....# #.##
#.....##########O#####...
#.....# ## #.# ##### ###.###
#...####.# #+ +........##
#...##....# # #....# #....#
#....#


You could see a two-headed ogre.

Vanquished Creatures
  An orc warlord (Bailey)
  Harold (D:8)
  A boulder beetle (D:11)
  A two-headed ogre (D:10)
  An orc knight (Bailey)
  2 trolls (D:9)
  Grinder (D:5)
  2 wraiths
  3 wyverns
  13 yaks
  A steam dragon (D:10)
  4 vampire mosquitoes (D:10)
  Grum (D:8)
  Edmund (D:4)
  3 water moccasins
  2 sky beasts
  A hornet zombie (D:7)
  17 orc warriors
  5 ogres
  A black bear (D:4)
  5 wolves
  5 centaurs
  4 kobold brigands
  A bullfrog (D:6)
  8 gnoll sergeants
  A water moccasin zombie (D:5)
  A water moccasin skeleton (D:5)
  6 killer bees (D:9)
  9 wights
  An electric eel (D:8)
  A howler monkey (D:8)
  3 centaur zombies
  3 bullfrog zombies (D:5)
  A jelly (D:4)
  2 hounds (D:6)
  4 bullfrog skeletons
  3 orc priests
  A gnoll shaman (D:6)
  2 iguanas
  5 orc wizards
  A scorpion zombie (D:5)
  2 killer bee zombies
  2 hound zombies (D:5)
  4 hound skeletons
  A howler monkey skeleton (D:5)
  A howler monkey zombie (D:5)
  8 adders
  21 gnolls
  2 white imps (D:6)
  An ufetubus (D:4)
  An adder zombie (D:5)
  2 worms
  A dart slug (D:2)
  50 orcs
  5 ball pythons
  4 bats
  6 endoplasms
  A giant cockroach (D:1)
  27 goblins
  15 hobgoblins
  6 jackals
  18 kobolds
  4 quokkas
  3 frilled lizards
  4 rats
318 creatures vanquished.

Notes
Turn   | Place    | Note
-------+----------+-------------------------------------------
     0 | D:1      | Peloso the Minotaur Fighter began the quest for the Orb.
     0 | D:1      | Reached XP level 1. HP: 19/19 MP: 0/0
   321 | D:1      | Reached XP level 2. HP: 26/27 MP: 1/1
   986 | D:2      | Reached skill level 3 in Long Blades
   986 | D:2      | Reached XP level 3. HP: 30/33 MP: 2/2
  1204 | D:2      | Found a burning altar of Makhleb.
  1627 | D:3      | Reached XP level 4. HP: 40/40 MP: 3/3
  1643 | D:3      | Reached skill level 4 in Long Blades
  2370 | D:4      | Noticed Edmund
  2376 | D:4      | Killed Edmund
  2377 | D:4      | Reached skill level 5 in Long Blades
  2377 | D:4      | Reached XP level 5. HP: 30/47 MP: 4/4
  2551 | D:4      | Reached XP level 6. HP: 46/53 MP: 5/5
  2609 | D:4      | Found a sacrificial altar of Ru.
  3000 | D:4      | Reached skill level 5 in Armour
  3359 | D:5      | Entered Level 5 of the Dungeon
  3366 | D:5      | Reached skill level 6 in Long Blades
  3472 | D:5      | Reached XP level 7. HP: 19/60 MP: 6/6
  3683 | D:5      | Reached skill level 7 in Long Blades
  3683 | D:5      | Reached skill level 1 in Dodging
  3746 | D:5      | Reached skill level 5 in Fighting
  3965 | D:5      | Identified the +0 ring mail of the Equator {rElec Regen+
                  | Str-2 Int+5}
  4019 | D:5      | Noticed Grinder
  4060 | D:5      | Reached skill level 5 in Shields
  4397 | D:5      | Reached XP level 8. HP: 62/69 MP: 7/7
  4434 | D:5      | Killed Grinder
  4435 | D:5      | Reached skill level 8 in Long Blades
  4565 | D:5      | Found a staircase to the Ecumenical Temple.
  4573 | Temple   | Entered the Ecumenical Temple
  4611 | Temple   | Became a worshipper of Warmaster Okawaru
  5847 | D:6      | Reached skill level 9 in Long Blades
  5856 | D:6      | Reached * piety under Okawaru
  5873 | D:6      | Reached skill level 1 in Stealth
  5943 | D:6      | Reached XP level 9. HP: 54/75 MP: 8/8
  6273 | D:7      | Identified the +1 chain mail "Momer" {Regen+ Int+6}
  6322 | D:7      | Reached ** piety under Okawaru
  6568 | D:7      | Reached skill level 10 in Long Blades
  6779 | D:8      | Noticed Harold
  6793 | D:8      | Killed Harold
  6793 | D:8      | Reached *** piety under Okawaru
  6794 | D:8      | Reached skill level 11 in Long Blades
  6849 | D:8      | Noticed Grum
  6868 | D:8      | Killed Grum
  6875 | D:8      | Reached XP level 10. HP: 62/86 MP: 9/9
  7330 | D:8      | Identified the +10 hand axe "Fealidif" {flame, rElec rPois
                  | rF+ rC-}
  7450 | D:8      | Reached **** piety under Okawaru
  7968 | D:9      | Reached skill level 12 in Long Blades
  7982 | D:9      | Reached skill level 10 in Armour
  8046 | D:9      | Found a staircase to the Orcish Mines.
  8691 | D:9      | Reached ***** piety under Okawaru
  8860 | D:10     | Entered Level 10 of the Dungeon
  8867 | D:10     | Reached XP level 11. HP: 88/96 MP: 10/10
  8870 | D:10     | Found a large runed translucent door.
  8872 | D:10     | Found a large runed translucent door.
  8873 | D:10     | Noticed crawlogic's ghost (journeyman HOBe)
  8910 | D:10     | Noticed a two-headed ogre
  8920 | D:10     | Killed a two-headed ogre
  8975 | D:10     | Reached skill level 13 in Long Blades
  9197 | D:10     | Found a flagged portal.
  9213 | Bailey   | Entered a bailey
  9517 | Bailey   | Noticed an orc warlord
  9578 | Bailey   | Killed an orc warlord
  9626 | Bailey   | Noticed an orc knight
  9663 | Bailey   | Killed an orc knight
  9691 | Bailey   | Reached skill level 10 in Fighting
  9968 | D:10     | Reached skill level 1 in Evocations
  9996 | D:10     | Reached skill level 14 in Long Blades
 10031 | D:10     | You fall into a shaft and drop 1 floor!
 10031 | D:11     | Noticed a boulder beetle
 10031 | D:11     | Found a staircase to the Lair.
 10064 | D:11     | Killed a boulder beetle
 10065 | D:11     | Reached skill level 1 in Invocations
 10125 | D:11     | Noticed a two-headed ogre
 10144 | D:11     | Mangled by a two-headed ogre

Illustrated notes

Levels and vault maps discovered:
D:1:      dpeg_arrival_snail, layout_basic
D:2:      layout_loops_ring, basic_altar
D:3:      layout_basic
D:4:      layout_cave_pods, nicolae_ru_sacrificial_ziggurat, uniq_edmund
D:5:      layout_rooms, minmay_temple_entry_statues_pillars, serial_undead,
          serial_undead_a, serial_undead_e, serial_undead_f, serial_undead_d,
          serial_undead_c, serial_undead_d, serial_undead_d, serial_undead_b,
          uniq_grinder
D:6:      layout_cave_pools, minmay_overflow_temple_star_quad,
          serial_gnoll_camp, gnoll_camp_mini_hut, gnoll_camp_mini_basic,
          gnoll_camp_huts_moat, gnoll_camp_mini_doghouse,
          chequers_serial_rivers_micro_a
D:7:      layout_basic, grunt_decor_mini_mirrors, serial_bayou_pond_a
D:8:      layout_basic, special_room [special_room_orc], minmay_crystal_water,
          nicolae_concentric_dashed_squares_wild, uniq_grum, uniq_harold
D:9:      layout_gridville, kennysheep_orc_monster_closet_entryway
D:10:     layout_basic, enter_bailey_3, ebering_ghost_disaster_area,
          skrybe_limestone_x, minivault_11, lemuel_flamethrower_2
D:11:     layout_basic, lair_entry_dummy, uniq_fannar
Temple:   regret_index_temple_mists

Skill      XL: |  1  2  3  4  5  6  7  8  9 10 11 |
---------------+----------------------------------+-----
Armour         | 4 5 6 8 9 10 11 | 11.5
Fighting       | 4 5 6 7 9 10 | 10.3
Long Blades    | 3 5 6 7 9 11 12 14 | 14.1
Shields        | 4 5 6 7 8 9 |  9.9
Dodging        | 1 2 3 4 |  4.1
Stealth        | 1 |  1.4
Evocations     | 1 |  1.0
Invocations    | 1 |  1.0

Action                   |  1- 3 |  4- 6 |  7- 9 | 10-12 || total
-------------------------+-------+-------+-------+-------++-------
Melee: Long sword        |    74 |   127 |   334 |   290 ||   825
       Headbutt          |     6 |    22 |    70 |   148 ||   246
       Falchion          |       |       |       |   343 ||   343
Invok: Heroism           |       |       |       |    19 ||    19
Evoke: Wand              |       |       |       |     4 ||     4
  Use: Potion            |       |     3 |       |     2 ||     5
       Scroll            |       |     2 |     1 |     6 ||     9
Armor: Scale mail        |    35 |    14 |       |       ||    49
       Chain mail        |       |   105 |   200 |   189 ||   494
Dodge: Dodged            |    23 |    64 |   105 |   145 ||   337
Block: Buckler           |    22 |    54 |    55 |       ||   131
       Kite shield       |       |       |   118 |   400 ||   518
